 Dungeon Crawl Stone Soup version 0.21.1-1-g345015f (webtiles) character file.

482 manyhoops the Covered (level 7, 0/88 HPs)
             Began as a Gnoll Wanderer on May 29, 2018.
             Slain by a sky beast (5 damage)
             ... on level 5 of the Dungeon on June 16, 2018.
             The game lasted 00:06:04 (3698 turns).

manyhoops the Covered (Gnoll Wanderer)              Turns: 3698, Time: 00:06:05

Health: 0/88       AC: 23    Str: 18    XL:     7   Next: 12%
Magic:  10/10      EV:  2    Int: 12    God:
Gold:   283        SH:  0    Dex: 15    Spells: 10/10 levels left

rFire    . . .     SeeInvis .   t - +0 dagger (pain)
rCold    . . .     Gourm    .   (no shield)
rNeg     + + +     Faith    .   (armour currently unavailable)
rPois    +         Spirit   .   (helmet currently unavailable)
rElec    .         Reflect  .   (cloak currently unavailable)
rCorr    .         Harm     .   (gloves currently unavailable)
MR       .....     NoTele   +   (boots currently unavailable)
Stlth    ++........             (no amulet)
HPRegen  0.24/turn              (no ring)
MPRegen  0.12/turn              (no ring)

@: tree-form
A: distributed training, strong nose
a: no special abilities


You were on level 5 of the Dungeon.
You were not hungry.
You were a tree.
You visited 1 branch of the dungeon, and saw 5 of its levels.

You collected 283 gold pieces.

Inventory:

Hand Weapons
 a - a +2 hand crossbow
 n - a +0 morningstar
 t - a +0 dagger of pain (weapon)
Missiles
 c - 48 bolts
Armour
 d - a +1 ring mail (melded)
Scrolls
 e - 3 scrolls of identify
 h - 3 scrolls of remove curse
 j - a scroll of enchant armour
 l - a scroll of enchant weapon
 o - a scroll of magic mapping
 p - 3 scrolls of teleportation
 r - a scroll of immolation {unknown}
Potions
 b - a potion of flight
 g - a potion of cancellation {unknown}
 i - 3 potions of haste
 k - a potion of mutation {unknown}
Comestibles
 f - 8 rations


   Skills:
 + Level 6.9 Fighting
 + Level 2.2 Short Blades
 + Level 2.2 Long Blades
 + Level 2.2 Axes
 + Level 3.4 Maces & Flails
 + Level 2.2 Polearms
 + Level 2.2 Staves
 + Level 2.2 Slings
 + Level 2.2 Bows
 + Level 3.4 Crossbows
 + Level 2.2 Throwing
 + Level 6.9 Armour
 + Level 2.2 Dodging
 + Level 2.2 Stealth
 + Level 2.2 Shields
 + Level 2.2 Unarmed Combat
 + Level 2.2 Spellcasting
 + Level 1.8 Conjurations
 + Level 1.8 Hexes
 + Level 1.8 Charms
 + Level 1.8 Summonings
 + Level 1.8 Necromancy
 + Level 1.8 Translocations
 + Level 1.8 Transmutations
 + Level 1.8 Fire Magic
 + Level 1.8 Ice Magic
 + Level 1.8 Air Magic
 + Level 1.8 Earth Magic
 + Level 1.8 Poison Magic
 + Level 2.5 Invocations
 + Level 5.1 Evocations


You had 10 spell levels left.
You didn't know any spells.

Dungeon Overview and Level Annotations

Branches:
Dungeon (5/15)
 Temple: D:4-7

Altars:
Fedhas


Innate Abilities, Weirdness & Mutations

Your experience applies equally to all skills.
((You have very sharp teeth.))
Your uncanny sense of smell can sniff out nearby items.


Message History

The bullfrog zombie hits you but does no damage.
The sky beast hits you but does no damage.
The bullfrog zombie hits you but does no damage.
You hit the sky beast but do no damage.
The sky beast writhes in agony.
The sky beast is almost dead.
The bullfrog zombie hits you.
* * * LOW HITPOINT WARNING * * *
The sky beast hits you.
* * * LOW HITPOINT WARNING * * *
The sky beast shocks you.
* * * LOW HITPOINT WARNING * * *
You hit the sky beast.
The sky beast writhes in agony.
The sky beast is almost dead.
The bullfrog zombie hits you but does no damage.
You hit the sky beast but do no damage.
The sky beast is almost dead.
The sky beast hits you.
* * * LOW HITPOINT WARNING * * *
The sky beast shocks you.
You die...

...'....##.###.........
...###..##.###.........#
...# #.......#.........#
#### #.##....#.........#
#.##....#.........#
#..................
####....#.........#
#........Z.....#
..........♣.#####
....###...Y.# .....
#.....# ..... ##..... ..
#...... #....$..
#........ #.........


You could see a sky beast and a bullfrog zombie.

Vanquished Creatures
  An ogre (D:4)
  A crimson imp (D:3)
  An orc priest (D:4)
  A centaur skeleton (D:4)
  Jessica (D:2)
  A worker ant (D:4)
  3 orc wizards
  10 adders
  An adder skeleton (D:4)
  A worm (D:2)
  5 leopard geckos
  8 orcs
  2 giant cockroaches (D:2)
  6 goblins
  6 hobgoblins
  2 jackals (D:1)
  4 kobolds
  A quokka (D:3)
  2 ball pythons
  A ball python skeleton (D:5)
  5 bats
  5 frilled lizards
  A quokka zombie (D:5)
  9 rats
78 creatures vanquished.

Vanquished Creatures (others)
  A goblin (D:3)
1 creature vanquished.

Grand Total: 79 creatures vanquished

Notes
Turn   | Place    | Note
-------+----------+-------------------------------------------
     0 | D:1      | manyhoops the Gnoll Wanderer began the quest for the Orb.
     0 | D:1      | manyhoops set off with: a +2 hand crossbow, 28 bolts, a +0 mace, a +0 ring mail, a ration
     0 | D:1      | Reached XP level 1. HP: 23/23 MP: 3/3
   181 | D:1      | Reached XP level 2. HP: 20/29 MP: 5/5
   918 | D:2      | Reached XP level 3. HP: 28/35 MP: 6/6
  1298 | D:2      | Reached skill level 1 in Invocations
  1306 | D:2      | Noticed Jessica
  1310 | D:2      | Killed Jessica
  1310 | D:2      | Reached skill level 1 in Short Blades
  1310 | D:2      | Reached skill level 1 in Long Blades
  1310 | D:2      | Reached skill level 1 in Axes
  1310 | D:2      | Reached skill level 1 in Polearms
  1310 | D:2      | Reached skill level 1 in Staves
  1310 | D:2      | Reached skill level 1 in Slings
  1310 | D:2      | Reached skill level 1 in Bows
  1310 | D:2      | Reached skill level 1 in Throwing
  1310 | D:2      | Reached skill level 1 in Dodging
  1310 | D:2      | Reached skill level 1 in Stealth
  1310 | D:2      | Reached skill level 1 in Shields
  1310 | D:2      | Reached skill level 1 in Unarmed Combat
  1310 | D:2      | Reached skill level 1 in Spellcasting
  1310 | D:2      | Reached XP level 4. HP: 35/41 MP: 7/7
  1898 | D:3      | Reached skill level 1 in Conjurations
  1898 | D:3      | Reached skill level 1 in Hexes
  1898 | D:3      | Reached skill level 1 in Charms
  1898 | D:3      | Reached skill level 1 in Summonings
  1898 | D:3      | Reached skill level 1 in Necromancy
  1898 | D:3      | Reached skill level 1 in Translocations
  1898 | D:3      | Reached skill level 1 in Transmutations
  1898 | D:3      | Reached skill level 1 in Fire Magic
  1898 | D:3      | Reached skill level 1 in Ice Magic
  1898 | D:3      | Reached skill level 1 in Air Magic
  1898 | D:3      | Reached skill level 1 in Earth Magic
  1898 | D:3      | Reached skill level 1 in Poison Magic
  2063 | D:3      | Reached XP level 5. HP: 43/47 MP: 8/8
  2669 | D:4      | Reached XP level 6. HP: 45/53 MP: 9/9
  2895 | D:4      | Found a blossoming altar of Fedhas.
  3033 | D:4      | Reached skill level 5 in Evocations
  3109 | D:4      | Reached XP level 7. HP: 44/59 MP: 10/10
  3614 | D:5      | Entered Level 5 of the Dungeon
  3698 | D:5      | Slain by a sky beast

Skill      XL: |  1  2  3  4  5  6 |
---------------+-------------------+-----
Invocations    | 1 2 |  2.5
Short Blades   | 1 2 |  2.2
Long Blades    | 1 2 |  2.2
Axes           | 1 2 |  2.2
Polearms       | 1 2 |  2.2
Staves         | 1 2 |  2.2
Slings         | 1 2 |  2.2
Bows           | 1 2 |  2.2
Throwing       | 1 2 |  2.2
Dodging        | 1 2 |  2.2
Stealth        | 1 2 |  2.2
Shields        | 1 2 |  2.2
Unarmed Combat | 1 2 |  2.2
Spellcasting   | 1 2 |  2.2
Conjurations   | 1 |  1.8
Hexes          | 1 |  1.8
Charms         | 1 |  1.8
Summonings     | 1 |  1.8
Necromancy     | 1 |  1.8
Translocations | 1 |  1.8
Transmutations | 1 |  1.8
Fire Magic     | 1 |  1.8
Ice Magic      | 1 |  1.8
Air Magic      | 1 |  1.8
Earth Magic    | 1 |  1.8
Poison Magic   | 1 |  1.8
Maces & Flails | 3 |  3.4
Crossbows      | 3 |  3.4
Evocations     | 5 |  5.1
Fighting       | |  6.9
Armour         | |  6.9

Action                   |  1- 3 |  4- 6 |  7- 9 || total
-------------------------+-------+-------+-------++-------
Melee: Mace              |    69 |       |       ||    69
       Bite              |     8 |    19 |     6 ||    33
       Morningstar       |    12 |   166 |       ||   178
       Punch             |       |     1 |     1 ||     2
       Dagger            |       |       |    46 ||    46
 Fire: Hand crossbow     |       |     2 |       ||     2
  Use: Scroll            |     4 |     4 |       ||     8
       Potion            |     1 |     3 |     2 ||     6
 Stab: Sleeping          |       |     1 |       ||     1
  Eat: Chunk             |     1 |     6 |     2 ||     9
Armor: Ring mail         |    39 |    89 |    14 ||   142
       Skin              |       |    14 |     4 ||    18
Dodge: Dodged            |    46 |   148 |    27 ||   221
